 Dungeon Crawl Stone Soup version 0.22-a0-160-gcc81d7a (webtiles) character file.

10831 Azzok the Covert (level 11, -3/83 HPs)
             Began as a Gnoll Enchanter on Feb 10, 2018.
             Was a Believer of Ashenzari.
             Slain by a five-headed hydra (15 damage)
             ... on level 11 of the Dungeon.
             The game lasted 00:27:39 (12013 turns).

Azzok the Covert (Gnoll Enchanter)                 Turns: 12013, Time: 00:27:40

Health: -3/83      AC:  7    Str: 10    XL:     11   Next: 68%
Magic:  19/23      EV: 18    Int: 24    God:    Ashenzari [**....]
Gold:   119        SH:  6    Dex: 16    Spells: 18/26 levels left

rFire    . . .     SeeInvis .   a - +4 dagger
rCold    . . .     Gourm    .   p - +0 buckler
rNeg     . . .     Faith    .   t - +1 robe
rPois    .         Spirit   .   o - +1 helmet
rElec    .         Reflect  .   (no cloak)
rCorr    .         Harm     .   l - +0 pair of gloves
MR       ++...                  (no boots)
Stlth    ++++......             (no amulet)
HPRegen  0.23/turn              N - ring of the Mage {Wiz MR++ Int+3}
MPRegen  0.18/turn              (no ring)

@: very slightly contaminated
A: distributed training, fangs 1, strong nose
a: Curse Item, Scrying, Renounce Religion


You were on level 11 of the Dungeon.
You worshipped Ashenzari.
Ashenzari was pleased with you.
You were not hungry.

You visited 2 branches of the dungeon, and saw 12 of its levels.
You also visited: Sewer.

You collected 687 gold pieces.
You spent 568 gold pieces at shops.

Inventory:

Hand Weapons
 a - a +4 dagger (weapon)
 b - a +0 dagger of venom
 K - a +3 scimitar of flaming
Armour
 l - a +0 pair of gloves (worn)
 o - a +1 helmet (worn)
 p - a +0 buckler (worn)
 t - a +1 robe (worn)
Magical Staves
 C - an uncursed staff of power
Jewellery
 f - an uncursed ring of resist corrosion
 N - the ring of the Mage (left hand) {Wiz MR++ Int+3}
   (You bought it in a shop on level 5 of the Dungeon)

   [ring of wizardry]

   It improves your spell success rate.
   It affects your intelligence (+3).
   It affects your resistance to hostile enchantments.
Wands
 v - a wand of paralysis (31)
 G - a wand of disintegration (17)
 I - a wand of clouds (4)
 J - a wand of iceblast (8)
Scrolls
 c - a scroll of random uselessness {unknown}
 e - 3 scrolls of magic mapping {unknown}
 g - 5 scrolls of enchant weapon
 k - 9 scrolls of teleportation {unknown}
 m - 3 scrolls of amnesia {unknown}
 n - 19 scrolls of identify {unknown}
 s - 5 scrolls of remove curse
 w - 2 scrolls of immolation {unknown}
 x - a scroll of enchant armour
 y - 2 scrolls of fear {unknown}
 B - 2 scrolls of silence {unknown}
 D - a scroll of blinking
 F - a scroll of vulnerability {unknown}
 H - a scroll of fog {unknown}
Potions
 h - 6 potions of curing {unknown}
 i - 2 potions of heal wounds {unknown}
 j - 3 potions of might {unknown}
 q - 3 potions of magic {unknown}
 r - a potion of degeneration {unknown}
 u - 4 potions of brilliance {unknown}
 z - 2 potions of lignification {unknown}
 A - a potion of haste {unknown}
 L - a potion of agility {unknown}
Comestibles
 d - 21 rations
 E - 13 chunks of flesh


   Skills:
 + Level 6.4 Fighting
 + Level 7.0 Short Blades
 + Level 6.4 Long Blades
 + Level 6.4 Axes
 + Level 6.4 Maces & Flails
 + Level 6.4 Polearms
 + Level 6.4 Staves
 + Level 6.4 Slings
 + Level 6.4 Bows
 + Level 6.4 Crossbows
 + Level 6.4 Throwing
 + Level 6.4 Armour
 + Level 8.0 Dodging
 + Level 8.9 Stealth
 + Level 6.4 Shields
 + Level 6.4 Unarmed Combat
 + Level 8.2 Spellcasting
 + Level 5.3 Conjurations
 + Level 7.7 Hexes
 + Level 5.3 Charms
 + Level 5.3 Summonings
 + Level 5.3 Necromancy
 + Level 5.3 Translocations
 + Level 5.3 Transmutations
 + Level 5.3 Fire Magic
 + Level 5.3 Ice Magic
 + Level 5.3 Air Magic
 + Level 5.3 Earth Magic
 + Level 5.3 Poison Magic
 + Level 7.0 Invocations
 + Level 6.4 Evocations


You had 18 spell levels left.
You knew the following spells:

 Your Spells              Type           Power        Failure   Level  Hunger
a - Corona                Hex            #####..      1%          1    None
b - Ensorcelled Hibernat  Hex/Ice        #####.       1%          2    None
c - Confuse               Hex            #####...     1%          3    None
d - Blink                 Tloc           N/A          1%          2    None


Dungeon Overview and Level Annotations

Branches:
Dungeon (11/15)            Temple (0/1) D:5            Lair (1/6) D:9
    Orc: D:9-12

Altars:
Ashenzari
Cheibriados
Gozag
Hepliaklqana
Qazlal
Ru
Trog
Vehumet
Xom
Yredelemnul

Shops:
D:5 *   D:8 [   D:9 }


Innate Abilities, Weirdness & Mutations

Your experience applies equally to all skills.
You have very sharp teeth.
Your uncanny sense of smell can sniff out nearby items.


Message History

Casting: Confuse (safe; 1% risk of failure)
Confirm with . or Enter, or press ? or * to list all spells.
Aiming: Ensorcelled Hibernation (safe; 1% risk of failure)
Press: ? - help, Shift-Dir - straight line, f - five-headed hydra
Aim: a five-headed hydra (almost dead, chance to defeat MR: 32%)
The five-headed hydra looks drowsy...
The five-headed hydra roars!
Casting: Ensorcelled Hibernation (safe; 1% risk of failure)
Confirm with . or Enter, or press ? or * to list all spells.
Aiming: Confuse (safe; 1% risk of failure)
Press: ? - help, Shift-Dir - straight line, f/p - five-headed hydra
Aim: a five-headed hydra (almost dead, chance to defeat MR: 36%)
The five-headed hydra easily resists.
The five-headed hydra bites you. The five-headed hydra bites you!
* * * LOW HITPOINT WARNING * * *
The five-headed hydra bites you!
* * * LOW HITPOINT WARNING * * *
The five-headed hydra completely misses you.
The five-headed hydra bites you!
You die...

◦ ◦ · ▒········(▒ ◦ ◦··◦ ◦
◦╬·········▒ ◦ ░ ◦◦ ░ ◦
▒·········▒ ◦ ◦◦▒·········▒
░ ░ ╬▒▒▒▒▒▒▒▒▒▒▒╬▒·········▒
·························· ◦
······················(··· ◦
·························· ◦
···········@··············
··········D········>······◦◦
◦ ◦·······················
······················· ◦
······▒'▒▒▒▒▒▒▒▒▒▒▒▒▒▒▒ ◦
····· ▒······▒ ◦ ····
◦▒··>···▒ ··· ▒······▒ ◦ ··
◦ ▒······▒


You could see a five-headed hydra.

Vanquished Creatures
  Erica (D:9)
  2 two-headed ogres (D:10)
  The ghost of Slobodan the Thaumaturge, a novice DEWz of Sif Muna (D:9)
  The ghost of Slobodan the Grappler, a novice TrCK of Xom (D:10)
  A manticore (D:11)
  A rime drake (Lair:1)
  A centaur skeleton (D:11)
  A spiny frog (Lair:1)
  Prince Ribbit (D:8)
  A vampire (D:10)
  A spriggan (D:7)
  3 yaks (D:11)
  2 wyverns (D:10)
  Grum (D:8)
  5 ice beasts
  2 sky beasts
  An eye of draining (D:10)
  A necrophage (D:6)
  4 ogres
  6 centaurs
  9 wolves
  3 crocodiles
  A big kobold (D:7)
  5 bullfrogs
  A gnoll sergeant (D:5)
  5 scorpions
  3 killer bees (D:10)
  A howler monkey (D:4)
  3 crimson imps
  2 centaur zombies
  A bullfrog zombie (D:6)
  A quasit (D:8)
  3 jellies
  4 bullfrog skeletons
  6 orc priests
  3 iguanas
  Ijyb (D:5)
  4 worker ants
  9 orc wizards
  A hound zombie (D:10)
  A howler monkey zombie (D:9)
  A worker ant zombie (D:11)
  Robin (D:2)
  4 gnolls (D:5)
  19 adders
  3 oozes
  An adder skeleton (D:5)
  3 worms
  A dart slug (D:6)
  14 leopard geckos
  22 orcs
  5 giant cockroaches
  13 goblins
  6 hobgoblins
  13 jackals
  4 quokkas
  3 ball pythons
  10 bats
  6 frilled lizards
  8 kobolds
  A quokka skeleton (D:6)
  A quokka zombie (D:6)
  A rat (D:2)
244 creatures vanquished.

Vanquished Creatures (others)
  A rat (D:2)
1 creature vanquished.

Grand Total: 245 creatures vanquished

Notes
Turn   | Place    | Note
-------+----------+-------------------------------------------
     0 | D:1      | Azzok the Gnoll Enchanter began the quest for the Orb.
     0 | D:1      | Reached XP level 1. HP: 13/13 MP: 6/6
   170 | D:1      | Reached XP level 2. HP: 19/19 MP: 7/7
   174 | D:1      | Learned a level 2 spell: Ensorcelled Hibernation
   883 | D:2      | Found a stormy altar of Qazlal.
   896 | D:2      | Reached skill level 5 in Spellcasting
   896 | D:2      | Reached XP level 3. HP: 25/25 MP: 7/9
  1157 | D:1      | Learned a level 3 spell: Confuse
  1175 | D:2      | Reached skill level 1 in Fighting
  1175 | D:2      | Reached skill level 1 in Long Blades
  1175 | D:2      | Reached skill level 1 in Axes
  1175 | D:2      | Reached skill level 1 in Maces & Flails
  1175 | D:2      | Reached skill level 1 in Polearms
  1175 | D:2      | Reached skill level 1 in Staves
  1175 | D:2      | Reached skill level 1 in Slings
  1175 | D:2      | Reached skill level 1 in Bows
  1175 | D:2      | Reached skill level 1 in Crossbows
  1175 | D:2      | Reached skill level 1 in Throwing
  1175 | D:2      | Reached skill level 1 in Armour
  1175 | D:2      | Reached skill level 1 in Shields
  1175 | D:2      | Reached skill level 1 in Unarmed Combat
  1175 | D:2      | Reached skill level 1 in Invocations
  1175 | D:2      | Reached skill level 1 in Evocations
  1175 | D:2      | Reached XP level 4. HP: 31/32 MP: 3/11
  1493 | D:2      | Reached skill level 1 in Conjurations
  1493 | D:2      | Reached skill level 1 in Charms
  1493 | D:2      | Reached skill level 1 in Summonings
  1493 | D:2      | Reached skill level 1 in Necromancy
  1493 | D:2      | Reached skill level 1 in Translocations
  1493 | D:2      | Reached skill level 1 in Transmutations
  1493 | D:2      | Reached skill level 1 in Fire Magic
  1493 | D:2      | Reached skill level 1 in Ice Magic
  1493 | D:2      | Reached skill level 1 in Air Magic
  1493 | D:2      | Reached skill level 1 in Earth Magic
  1493 | D:2      | Reached skill level 1 in Poison Magic
  1661 | D:2      | Found an opulent altar of Gozag.
  1770 | D:2      | Noticed Robin
  1771 | D:2      | Reached XP level 5. HP: 35/37 MP: 12/12
  1825 | D:2      | Killed Robin
  1949 | D:2      | Found a shattered altar of Ashenzari.
  2220 | D:2      | Became a worshipper of Ashenzari the Shackled
  2254 | D:2      | Found a basalt altar of Yredelemnul.
  2581 | D:3      | Noticed a centaur
  2587 | D:3      | Killed a centaur
  2587 | D:3      | Reached XP level 6. HP: 44/44 MP: 13/13
  2628 | D:3      | Found a glowing drain.
  2697 | Sewer    | Entered a sewer
  2803 | Sewer    | Reached skill level 5 in Dodging
  3103 | Sewer    | Got the cursed mace of Wyrd {drain, rC+ Str-2 SInv}
  4043 | D:4      | Learned a level 2 spell: Blink
  4073 | D:4      | Reached XP level 7. HP: 45/50 MP: 1/15
  4341 | D:4      | Reached * piety under Ashenzari
  4440 | D:5      | Entered Level 5 of the Dungeon
  4756 | D:5      | Reached XP level 8. HP: 57/57 MP: 14/16
  4765 | D:5      | Found a hazy altar of Hepliaklqana.
  5155 | D:5      | Found a staircase to the Ecumenical Temple.
  5772 | D:5      | Noticed Ijyb
  5795 | D:5      | Killed Ijyb
  5930 | D:5      | Found Qozuptan's General Store.
  6032 | D:6      | Found a snail-covered altar of Cheibriados.
  6254 | D:6      | Found a sacrificial altar of Ru.
  6410 | D:6      | Reached XP level 9. HP: 30/65 MP: 18/18
  7624 | D:7      | Found a bloodstained altar of Trog.
  7763 | D:7      | Reached ** piety under Ashenzari
  7918 | D:8      | Reached skill level 5 in Short Blades
  7979 | D:8      | Found a shimmering altar of Xom.
  8008 | D:8      | Found a radiant altar of Vehumet.
  8116 | D:8      | Noticed Prince Ribbit
  8125 | D:8      | Killed Prince Ribbit
  8425 | D:8      | Noticed Grum
  8428 | D:8      | Killed Grum
  8428 | D:8      | Reached skill level 5 in Invocations
  8564 | D:8      | Found Agot's Antique Armour Boutique.
  8800 | D:9      | Reached XP level 10. HP: 73/73 MP: 20/20
  8806 | D:9      | Found Ufath's Gadget Emporium.
  9170 | D:9      | Found a staircase to the Lair.
  9327 | D:9      | Noticed Slobodan's ghost (novice DEWz)
  9355 | D:9      | Killed Slobodan's ghost
  9355 | D:9      | Reached skill level 5 in Fighting
  9355 | D:9      | Reached skill level 5 in Long Blades
  9355 | D:9      | Reached skill level 5 in Axes
  9355 | D:9      | Reached skill level 5 in Maces & Flails
  9355 | D:9      | Reached skill level 5 in Polearms
  9355 | D:9      | Reached skill level 5 in Staves
  9355 | D:9      | Reached skill level 5 in Slings
  9355 | D:9      | Reached skill level 5 in Bows
  9355 | D:9      | Reached skill level 5 in Crossbows
  9355 | D:9      | Reached skill level 5 in Throwing
  9355 | D:9      | Reached skill level 5 in Armour
  9355 | D:9      | Reached skill level 5 in Shields
  9355 | D:9      | Reached skill level 5 in Unarmed Combat
  9355 | D:9      | Reached skill level 5 in Evocations
  9498 | D:9      | Noticed Erica
  9515 | D:9      | Killed Erica
  9999 | D:5      | Bought the ring of the Mage {Wiz MR++ Int+3} for 568 gold pieces
  9999 | D:5      | Found the ring of the Mage {Wiz MR++ Int+3}
 10094 | Lair:1   | Entered Level 1 of the Lair of Beasts
 10094 | Lair:1   | Noticed a spiny frog
 10096 | Lair:1   | Killed a spiny frog
 10316 | D:10     | Entered Level 10 of the Dungeon
 10407 | D:10     | Noticed a two-headed ogre
 10474 | D:10     | Reached XP level 11. HP: 73/81 MP: 15/22
 10478 | D:10     | Killed a two-headed ogre
 10601 | D:10     | Noticed Slobodan's ghost (novice TrCK)
 10627 | D:10     | Killed Slobodan's ghost
 10859 | D:10     | Reached skill level 5 in Conjurations
 10859 | D:10     | Reached skill level 5 in Charms
 10859 | D:10     | Reached skill level 5 in Summonings
 10859 | D:10     | Reached skill level 5 in Necromancy
 10859 | D:10     | Reached skill level 5 in Translocations
 10859 | D:10     | Reached skill level 5 in Transmutations
 10859 | D:10     | Reached skill level 5 in Fire Magic
 10859 | D:10     | Reached skill level 5 in Ice Magic
 10859 | D:10     | Reached skill level 5 in Air Magic
 10859 | D:10     | Reached skill level 5 in Earth Magic
 10859 | D:10     | Reached skill level 5 in Poison Magic
 11188 | D:10     | Noticed a two-headed ogre
 11194 | D:10     | Killed a two-headed ogre
 11897 | D:11     | Noticed a manticore
 11908 | D:11     | Killed a manticore
 11996 | D:11     | Noticed a five-headed hydra
 12013 | D:11     | Slain by a five-headed hydra

Vault maps used:
D:1:      onia_arrival_pyramid, minmay_shallow_snake_nest
D:2:      overflow_temple_1_default, yredelemnul_altar_generic,
          grunt_qazlal_clouds, nicolae_gozag_cash_rules_everything_around_me,
          uniq_robin
D:3:      gup_sewer_entry_pipe, hangedman_decor_clover_reticule
D:4:      first_ration
D:5:      kennysheep_little_box, minmay_temple_entry_hall, serial_shops, shop,
          uniq_ijyb
D:6:      lemuel_upstairs_altar, kennysheep_slug_shrine, kennysheep_mini
D:7:      marbit_many_paths, the_bakery, minmay_misc_feat_four_crosses,
          kennysheep_generic_room_4
D:8:      xom_teletrap_fun, vehumet_altar_wand_db, serial_shops, shop,
          hangedman_decor_opposing, uniq_grum, uniq_prince_ribbit1
D:9:      dpeg_oklobed_lair, serial_shops, shop, uniq_erica
D:11:     uniq_fannar
Sewer:    sewer_the_crocodile

Skill      XL: |  1  2  3  4  5  6  7  8  9 10 11 |
---------------+----------------------------------+-----
Spellcasting   | 5 6 7 8 |  8.2
Stealth        | 6 7 8 |  8.9
Fighting       | 1 2 3 4 5 6 |  6.4
Long Blades    | 1 2 3 4 5 6 |  6.4
Axes           | 1 2 3 4 5 6 |  6.4
Maces & Flails | 1 2 3 4 5 6 |  6.4
Polearms       | 1 2 3 4 5 6 |  6.4
Staves         | 1 2 3 4 5 6 |  6.4
Slings         | 1 2 3 4 5 6 |  6.4
Bows           | 1 2 3 4 5 6 |  6.4
Crossbows      | 1 2 3 4 5 6 |  6.4
Throwing       | 1 2 3 4 5 6 |  6.4
Armour         | 1 2 3 4 5 6 |  6.4
Shields        | 1 2 3 4 5 6 |  6.4
Unarmed Combat | 1 2 3 4 5 6 |  6.4
Invocations    | 1 2 3 4 5 6 7 |  7.0
Evocations     | 1 2 3 4 5 6 |  6.4
Conjurations   | 1 2 3 4 5 |  5.3
Charms         | 1 2 3 4 5 |  5.3
Summonings     | 1 2 3 4 5 |  5.3
Necromancy     | 1 2 3 4 5 |  5.3
Translocations | 1 2 3 4 5 |  5.3
Transmutations | 1 2 3 4 5 |  5.3
Fire Magic     | 1 2 3 4 5 |  5.3
Ice Magic      | 1 2 3 4 5 |  5.3
Air Magic      | 1 2 3 4 5 |  5.3
Earth Magic    | 1 2 3 4 5 |  5.3
Poison Magic   | 1 2 3 4 5 |  5.3
Short Blades   | 3 4 5 6 7 |  7.0
Dodging        | 5 6 7 8 |  8.0
Hexes          | 6 7 |  7.7

Action                   |  1- 3 |  4- 6 |  7- 9 | 10-12 || total
-------------------------+-------+-------+-------+-------++-------
Melee: Dagger            |    46 |   160 |   304 |   206 ||   716
       Bite              |     5 |     9 |    33 |    24 ||    71
       Punch             |       |       |     4 |       ||     4
 Cast: Ensorcelled Hiber |     3 |    44 |    67 |    56 ||   170
       Confuse           |     1 |     1 |    21 |    25 ||    48
       Corona            |       |       |       |     5 ||     5
  Use: Scroll            |     4 |       |       |     1 ||     5
 Stab: Sleeping          |    12 |    35 |    46 |    47 ||   140
       Confused          |       |     2 |    10 |    24 ||    36
       Distracted        |       |       |     1 |       ||     1
  Eat: Chunk             |     1 |     9 |    15 |     8 ||    33
       Ration            |       |       |       |     1 ||     1
Armor: Robe              |     5 |    42 |    50 |    23 ||   120
Dodge: Dodged            |    20 |   108 |   208 |    82 ||   418
Block: Buckler           |       |       |     2 |    31 ||    33

Table legend:
 A = Spawn XP
 B = Non-spawn XP
 C = Spawn XP percentage of total XP
 D = Spawn monster count
 E = Non-spawn monster count
 F = Spawn count percentage of total count
 G = Total turns spent on level
                    A         B        C        D         E        F      G
               +---------+---------+-------+---------+---------+-------+---------
         Total |       0 |   15474 |   0.0 |       0 |     244 |   0.0 | 12013
               +---------+---------+-------+---------+---------+-------+---------
           D:1 |       0 |      29 |   0.0 |       0 |      14 |   0.0 |  1054
           D:2 |       0 |     195 |   0.0 |       0 |      38 |   0.0 |  1425
           D:3 |       0 |     183 |   0.0 |       0 |      21 |   0.0 |  1035
           D:4 |       0 |     344 |   0.0 |       0 |       8 |   0.0 |   572
           D:5 |       0 |     999 |   0.0 |       0 |      29 |   0.0 |  1476
           D:6 |       0 |     780 |   0.0 |       0 |      22 |   0.0 |  1261
           D:7 |       0 |     479 |   0.0 |       0 |      10 |   0.0 |   622
           D:8 |       0 |    1468 |   0.0 |       0 |      28 |   0.0 |  1089
           D:9 |       0 |    2976 |   0.0 |       0 |      18 |   0.0 |  1191
          D:10 |       0 |    4354 |   0.0 |       0 |      35 |   0.0 |  1438
          D:11 |       0 |    2188 |   0.0 |       0 |       8 |   0.0 |   259
        Lair:1 |       0 |    1364 |   0.0 |       0 |       7 |   0.0 |   137
         Sewer |       0 |     115 |   0.0 |       0 |       6 |   0.0 |   454
               +---------+---------+-------+---------+---------+-------+---------
